 Dungeon Crawl Stone Soup version 0.28-a0-1447-ga5a8893891 (webtiles) character file.

Game seed: 9420993622476890057

4671 Shayle the Nimble (level 10, -6/75 HPs)
             Began as a Djinni Air Elementalist on Jan 11, 2022.
             Was an Initiate of Ashenzari.
             Mangled by a wyvern (14 damage)
             ... on level 9 of the Dungeon.
             The game lasted 00:48:15 (15423 turns).

Shayle the Nimble (Djinni Air Elementalist)        Turns: 15423, Time: 00:48:15

Health: -6/75      AC:  8    Str:  7    XL:     10   Next: 71%
Gold:   227        EV: 17    Int: 21    God:    Ashenzari [......] SH:  0 Dex: 21

rFire   + + .      SeeInvis .   y - +1 dagger "Joqux" {drain, rC+ rN+ Dex+7}
rCold   + . .      Faith    .   (no shield)
rNeg    + . .      Spirit   .   D - +0 leather armour
rPois   ∞          Reflect  .   F - +1 helmet
rElec   .          Harm     .   i - +2 cloak "Cursed Fetters" {Evo, Melee} (curse)
rCorr   .          Rampage  .   (no gloves)
Will    +....                   (boots unavailable)
Stlth   +++.......              (no amulet)
HPRegen 0.22/turn               g - ring of protection from cold
MPRegen 0.00/turn               (no ring)

@: sluggish, flying, very slow
A: sickness immunity, fire resistance 2, cold vulnerability 1, float, innate
caster, hp casting, extra vitality 1
a: Renounce Religion, Shatter the Chains


You were on level 9 of the Dungeon.
You worshipped Ashenzari.
Ashenzari was noncommittal.
You visited 2 branches of the dungeon, and saw 10 of its levels.

You collected 569 gold pieces.
You spent 342 gold pieces at shops.

Inventory:

Hand Weapons
 e - a +0 flail of holy wrath
 h - a +1 whip of flaming
 l - a +3 dagger
 t - a +4 vorpal trident
 y - the +1 dagger "Joqux" (weapon) {drain, rC+ rN+ Dex+7}
   (You found it on level 9 of the Dungeon)

   A truly terrible weapon, it drains the life of any living foe it strikes.
   Dex:       It affects your dexterity (+7).
   rC:        It protects you from cold.
   rN:        It protects you from negative energy.
 z - the +8 whip of Valiance {flame, *Slow rElec Stlth+}
   (You took it off an orc on level 7 of the Dungeon)

   It burns those it strikes, dealing additional fire damage.
   rElec:     It insulates you from electricity.
   *Slow:     It may slow you when you take damage.
   Stlth:     It makes you more stealthy.
Missiles
 w - 15 poisoned darts
Armour
 a - a +0 robe
 i - the cursed +2 cloak "Cursed Fetters" (worn) {Evo, Melee}
   (You found it on level 4 of the Dungeon)

   It has a curse which improves the following skills: Evocations: Evocations.
   Melee Combat: Short Blades, Long Blades, Axes, Maces & Flails, Polearms,
   Staves and Unarmed Combat.
 o - a +1 ring mail of cold resistance
 v - a scarf of invisibility
 D - a +0 leather armour (worn)
 F - a +1 helmet (worn)
Jewellery
 g - a ring of protection from cold (left hand)
 k - an amulet of reflection
Wands
 f - a wand of acid (3)
 n - a wand of flame (14)
 q - a wand of mindburst (24)
 r - a wand of iceblast (12)
 u - a wand of polymorph (8)
Scrolls
 b - 4 scrolls of identify
 c - a scroll of vulnerability
 j - a scroll of silence
 m - 2 scrolls of fog
 A - a scroll of blinking {unknown}
 B - 2 scrolls of teleportation
 E - a scroll of magic mapping
 I - a scroll of summoning {unknown}
 K - a scroll of noise {unknown}
Potions
 d - a potion of berserk rage
 p - 2 potions of flight
 s - a potion of ambrosia
 x - a potion of magic {unknown}
 G - a potion of mutation {unknown}
 H - a potion of resistance {unknown}
 J - a potion of curing {unknown}


   Skills:
 + Level 7.1 Fighting
 + Level 8.3 Dodging
 - Level 5.9 Stealth
 * Level 4.9(5.3) Unarmed Combat
 + Level 6.1 Spellcasting
 + Level 0.2(0.3) Evocations


You had one spell level left.
You knew the following spells:

 Your Spells              Type           Power      Damage    Failure   Level
a - Shock                 Conj/Air       100%       1d9       1%          1
b - Static Discharge      Conj/Air       32%        N/A       1%          2
c - Swiftness             Air            32%        N/A       3%          3
d - Airstrike             Air            16%        N/A       12%         4
e - Pain                  Necr           100%       1d9       1%          1
f - Searing Ray           Conj           64%        2d6       1%          2
g - Call Canine Familiar  Summ           32%        N/A       3%          3
h - Summon Lightning Spi  Summ/Air       32%        N/A       12%         4
Your spell library was empty.

Dungeon Overview and Level Annotations

Branches:
Dungeon (9/15)             Temple (1/1) D:7
   Lair: D:8-11         Orc: D:9-12

Altars:
Ashenzari
Cheibriados
Dithmenos
Elyvilon
Fedhas
Gozag
Hepliaklqana
Kikubaaqudgha
Makhleb
Nemelex Xobeh
Okawaru
Qazlal
Sif Muna
Trog
Uskayaw
Vehumet
Wu Jian
Xom
Yredelemnul
Zin
The Shining One

Shops:
D:4 :   D:9 *

Annotations:
D:4 1 runed translucent door, Crazy Yiuf


Innate Abilities, Weirdness & Mutations

You are immune to sickness and miasma.
You are immune to poison.
Your flesh is very heat resistant. (rF++)
You are vulnerable to cold. (rC-)
You float through the air rather than walking.
You learn spells naturally, not from books.
Your magical power is your life essence.
You have superior vitality. (+4 MHP)


Message History

You feel quick. The wyvern bites you!
The wyvern bites you but does no damage.
You start to feel a little slower.
The wyvern barely misses you.
The wyvern hisses menacingly.
You feel sluggish. The wyvern closely misses you.
The wyvern bites you but does no damage.
The wyvern bites you but does no damage.
Casting: Swiftness (dangerous; 3% risk of failure)
Confirm with . or Enter, or press ? or * to list all spells.
Okay, then.
The wyvern barely misses you. The wyvern barely misses you.
You see here a scroll of teleportation.
B - 2 scrolls of teleportation (gained 1)
The wyvern misses you. The wyvern barely misses you. The wyvern bites you!
The wyvern bites you.
* * * LOW HITPOINT WARNING * * *
The wyvern bites you!
* * * LOW HITPOINT WARNING * * *
The wyvern closely misses you.
Casting: Swiftness (dangerous; 3% risk of failure)
Confirm with . or Enter, or press ? or * to list all spells.
Okay, then.
Okay, then.
Okay, then.
Okay, then.
Okay, then.
Unknown command.
Okay, then.
The wyvern closely misses you.
Okay, then.
Casting: Swiftness (dangerous; 3% risk of failure)
Confirm with . or Enter, or press ? or * to list all spells.
* * * LOW HITPOINT WARNING * * *
The wyvern bites you!
You die...

### ####
###.######..##
.#
##...Yhl@.h...##
.#
#..Y.######..∩.#
.# ##..###
###.<## .##
##..## #...##
..## ##...#
##...####
...###.Y..##
#......#
...........##
#...####
............#
#..##
.....####...#
##..##


You could see 2 yaks, a warg, a wyvern (ally target) and a friendly hound
(summoned).

Vanquished Creatures
  Pikel (D:4)
  Grinder (D:5)
  Sigmund (D:5)
  A yak (D:9)
  A water moccasin (D:7)
  Duvessa (D:4)
  3 orc warriors
  An ice beast (D:5)
  A sky beast (D:6)
  A black bear (D:6)
  3 ogres
  A necrophage (D:5)
  A centaur (D:7)
  A phantom (D:5)
  3 bullfrogs (D:8)
  A kobold brigand (D:6)
  A gnoll sergeant (D:6)
  2 scorpions
  A water moccasin zombie (D:5)
  A wyvern skeleton (D:6)
  Dowan (D:4)
  8 wights
  A howler monkey (D:6)
  2 centaur zombies
  2 jellies
  2 centaur skeletons
  A hound (D:4)
  2 bullfrog zombies (D:6)
  2 orc priests
  3 iguanas
  10 orc wizards
  Terence (D:3)
  A killer bee zombie (D:9)
  A howler monkey skeleton (D:6)
  13 gnolls
  8 adders
  A shadow imp (D:6)
  A worm (D:3)
  3 dart slugs
  23 orcs
  12 endoplasms
  3 giant cockroaches
  14 goblins
  6 hobgoblins
  5 jackals
  2 quokkas
  7 ball pythons
  5 bats
  A frilled lizard (D:1)
  14 kobolds
  11 rats
193 creatures vanquished.

Vanquished Creatures (collateral kills)
  Edmund (D:5)
  An orc warrior (D:8)
  An ogre (D:5)
  A jelly (D:5)
  A bullfrog zombie (D:5)
  A centaur zombie (D:5)
  An orc priest (D:8)
  2 gnolls (D:4)
  A nameless horror (D:5)
  An adder skeleton (D:5)
  5 orcs
16 creatures vanquished.

Grand Total: 209 creatures vanquished

Notes
Turn   | Place    | Note
-------+----------+-------------------------------------------
     0 | D:1      | Shayle the Djinni Air Elementalist began the quest for the
                  | Orb.
     0 | D:1      | Reached XP level 1. HP: 15/15 MP: 0/0
   399 | D:1      | Reached XP level 2. HP: 16/22 MP: 0/0
   498 | D:1      | Found a faded altar of an unknown god.
  1371 | D:1      | Reached skill level 1 in Fighting
  1371 | D:1      | Reached XP level 3. HP: 22/27 MP: 0/0
  1371 | D:1      | Learned a level 1 spell: Pain
  1841 | D:2      | Identified the -3 pair of boots "Wamufony" {rCorr MP+9
                  | Dex+2}
  2092 | D:2      | Reached XP level 4. HP: 13/32 MP: 0/0
  2612 | D:2      | Reached skill level 3 in Dodging
  3301 | D:3      | Reached XP level 5. HP: 37/38 MP: 0/0
  3301 | D:3      | Learned a level 2 spell: Searing Ray
  3619 | D:3      | Noticed Terence
  4143 | D:4      | Noticed an ogre
  4146 | D:4      | Reached XP level 6. HP: 10/45 MP: 0/0
  4669 | D:4      | Killed an ogre
  4950 | D:4      | Reached skill level 4 in Dodging
  5338 | D:4      | Noticed Pikel
  5410 | D:4      | Killed Pikel
  5411 | D:4      | Reached skill level 5 in Dodging
  5411 | D:4      | Reached XP level 7. HP: 17/52 MP: 0/0
  5411 | D:4      | Learned a level 3 spell: Call Canine Familiar
  5411 | D:4      | Reached XP level 8. HP: 19/58 MP: 0/0
  5802 | D:4      | Noticed Duvessa
  5818 | D:5      | Entered Level 5 of the Dungeon
  5987 | D:4      | Noticed Dowan
  5990 | D:4      | Killed Duvessa
  6037 | D:5      | Noticed Sigmund
  6485 | D:4      | Found Xihao's Book Emporium.
  6774 | D:4      | Found a runed translucent door.
  6775 | D:4      | Noticed Crazy Yiuf
  6863 | D:4      | Killed Dowan
  7681 | D:5      | Noticed Edmund
  7704 | D:5      | Reached skill level 6 in Dodging
  7713 | D:5      | Reached skill level 5 in Fighting
  7713 | D:5      | Reached XP level 9. HP: 18/65 MP: 0/0
  7713 | D:5      | Learned a level 4 spell: Summon Lightning Spire
  7719 | D:5      | Killed Edmund
  7720 | D:5      | Reached skill level 5 in Stealth
  7883 | D:5      | Noticed Grinder
  7943 | D:5      | Killed Grinder
  8207 | D:5      | Killed Sigmund
  8208 | D:5      | Reached skill level 5 in Spellcasting
  8732 | D:5      | Reached skill level 7 in Dodging
 10052 | D:6      | Reached skill level 1 in Unarmed Combat
 10057 | D:6      | Reached XP level 10. HP: 42/72 MP: 0/0
 10996 | D:7      | Found a staircase to the Ecumenical Temple.
 11004 | Temple   | Entered the Ecumenical Temple
 11453 | Temple   | Became a worshipper of Ashenzari the Shackled
 12238 | D:7      | Identified the +8 whip of Valiance {flame, *Slow rElec
                  | Stlth+}
 13275 | D:8      | Reached skill level 8 in Dodging
 15022 | D:3      | Killed Terence
 15247 | D:9      | Found Askad's Assorted Antiques.
 15249 | D:9      | Bought a wand of mindburst (10) for 96 gold pieces
 15249 | D:9      | Bought a cyan potion for 21 gold pieces
 15249 | D:9      | Bought a fizzy golden potion for 21 gold pieces
 15249 | D:9      | Bought a scroll labelled NURALA PUTWUONAZ for 24 gold
                  | pieces
 15249 | D:9      | Bought a scroll of enchant armour for 180 gold pieces
 15351 | D:9      | Identified the +1 dagger "Joqux" {drain, rC+ rN+ Dex+7}
 15423 | D:9      | Mangled by a wyvern

Illustrated notes

Levels and vault maps discovered:
D:1:      psy_arrival_fountain, layout_basic,
          shapermc_ecumenical_altar_mp_ritualfount, minmay_cut_off
D:2:      minmay_skewed_foursquare, layout_loops_cross, minmay_tromino_i4
D:3:      layout_basic, st_stairs_6, uniq_terence
D:4:      layout_basic, serial_shops, shop, minmay_bisected, uniq_duvessa,
          uniq_pikel, uniq_crazy_yiuf_cottage
D:5:      layout_gridville, minmay_misc_feat_cross, uniq_sigmund, uniq_edmund,
          uniq_grinder
D:6:      layout_cave_pods
D:7:      layout_basic, minmay_temple_entry_statues_fountains
D:8:      layout_rooms
D:9:      layout_layer_cave, david_orc_3, serial_shops, shop, shop, shop, shop
Temple:   mainiacjoe_temple_trianglar_array

Skill      XL: |  1  2  3  4  5  6  7  8  9 10 |
---------------+-------------------------------+-----
Fighting       | 1 2 4 5 6 7 |  7.1
Stealth        | 2 4 5 |  5.9
Dodging        | 3 5 6 7 8 |  8.3
Spellcasting   | 3 4 5 6 |  6.1
Unarmed Combat | 1 4 |  4.9
Evocations     | |  0.2

Action                   |  1- 3 |  4- 6 |  7- 9 | 10-12 || total
-------------------------+-------+-------+-------+-------++-------
Melee: Unarmed           |       |     7 |       |       ||     7
       Whip              |       |       |    74 |     5 ||    79
       Trident           |       |       |    10 |     8 ||    18
 Cast: Shock             |    60 |   126 |    14 |       ||   200
       Pain              |     2 |       |       |       ||     2
       Airstrike         |       |     9 |    69 |    94 ||   172
       Searing Ray       |       |     3 |     2 |       ||     5
       Swiftness         |       |     1 |     1 |     1 ||     3
       Call Canine Famil |       |       |    19 |     4 ||    23
       Summon Lightning  |       |       |     1 |     2 ||     3
Invok: Curse Item        |       |       |       |     2 ||     2
       Shatter the Chain |       |       |       |     1 ||     1
Evoke: Wand              |       |       |     6 |     1 ||     7
  Use: Scroll            |     6 |     2 |     3 |     5 ||    16
       Potion            |       |       |     2 |     1 ||     3
 Stab: Sleeping          |       |     1 |     1 |       ||     2
       Distracted        |       |       |     1 |       ||     1
Armor: Robe              |     4 |     7 |       |       ||    11
       Ring mail         |       |       |    33 |       ||    33
       Leather armour    |       |       |    14 |     7 ||    21
Dodge: Dodged            |    13 |    26 |    80 |    16 ||   135

Table legend: (Time is in decaauts)
 A = Elapsed time spent in this place.
 B = Non-inter-level travel time spent in this place.
 C = Inter-level travel time spent in this place.
 D = Time resting spent in this place.
 E = Time spent auto-exploring this place.
 F = Levels seen in this place.
 G = Mean time per level.
                   A        B        C        D        E       F      G
               +--------+--------+--------+--------+--------+-----+--------+
         Total |  15445 |  14704 |    741 |   4127 |   8436 |  10 | 1544.5 |
       Dungeon |  14969 |  14328 |    641 |   4127 |   8119 |   9 | 1663.2 |
        Temple |    476 |    376 |    100 |      0 |    317 |   1 |  476.0 |
               +--------+--------+--------+--------+--------+-----+--------+

Top non-repeatable levels by time:
     D:4: 2573 daAuts
     D:7: 2390 daAuts
     D:5: 1965 daAuts
     D:3: 1762 daAuts
     D:1: 1753 daAuts
     D:2: 1724 daAuts
     D:6: 1698 daAuts
     D:8: 929 daAuts
  Temple: 476 daAuts
     D:9: 172 daAuts
